 Dungeon Crawl Stone Soup version 0.31.0-11-ge490571c62 (webtiles) character file.

Game seed: 8161933703589307248

230 qw the Ducker (level 5, -1/26 HPs)
             Began as a Spriggan Hunter on Feb 5, 2024.
             Incinerated by a bombardier beetle (4 damage)
             ... with a burning spray
             ... on level 4 of the Dungeon.
             The game lasted 00:00:48 (2174 turns).

qw the Ducker (Spriggan Hunter)                     Turns: 2174, Time: 00:00:48

Health: -1/26      AC:  3    Str:  7    XL:     5   Next: 72%
Magic:  6/6        EV: 24    Int: 10    God:
Gold:   12         SH:  0    Dex: 27    Spells: 4/4 levels left

rFire   . . .        a - +0 shortbow
rCold   . . .        (shield currently unavailable)
rNeg    . . .        c - +0 robe
rPois   .            (helmet restricted)
rElec   .            h - +0 cloak
rCorr   .            (gloves unavailable)
SInv    +            (boots unavailable)
Will    .....        (no amulet)
Stlth   +            b - +6 ring of dexterity
HPRegen 0.24/turn    (no ring)
MPRegen 0.10/turn

%: no passive effects
@: on fire, glowing, very quick
A: very small, no large weapons, unfitting armour, see invisible, speed 3
a: no special abilities


You were on level 4 of the Dungeon.
You visited 1 branch of the dungeon, and saw 4 of its levels.

You collected 259 gold pieces.
You spent 247 gold pieces at shops.


Innate Abilities, Weirdness & Mutations

You are very small and have problems with some larger weapons.
You are too small for most types of armour.
You have supernaturally acute eyesight. (SInv)
You cover ground extremely quickly. (Speed+++)


   Skills:
 - Level 2.3 Fighting
 + Level 5.0 Ranged Weapons
 - Level 6.4 Dodging
 - Level 1.5 Stealth


You had 4 spell levels left.
You didn't know any spells.
Your spell library was empty.

Inventory:

Hand Weapons
 a - a +0 shortbow (weapon)
Armour
 c - a +0 robe (worn)
 h - a +0 cloak (worn)
Jewellery
 b - a +6 ring of dexterity (left hand)
 j - a ring of poison resistance
Wands
 g - a wand of flame (16)
Scrolls
 e - 3 scrolls of teleportation
 i - a scroll of enchant weapon {unknown}
Potions
 d - a potion of cancellation
 f - a potion of heal wounds

Dungeon Overview and Level Annotations

Branches:
Dungeon (4/15)
 Temple: D:4-7

Altars:
Cheibriados
Dithmenos
The Shining One

Shops:
D:4 *

Annotations:
D:3 3 runed translucent doors, qw's ghost, amateur SpHu


Message History

You kill the orc!
You start resting.
You hear the slow rusting of a very distant drain.
HP restored.
You see here an adder corpse.
i - a scroll labelled GUAPLE DUNT
Things that are here:
an orb of guile; a +0 club
j - a ring of poison resistance A bombardier beetle comes into view.
You shoot an arrow.
The arrow barely misses the bombardier beetle.
You shoot an arrow.
The arrow barely misses the bombardier beetle.
The bombardier beetle sprays incendiary fluid at you.
The burning spray hits you.
You are covered in liquid fire!
You shoot an arrow. The arrow hits the bombardier beetle!
The bombardier beetle is moderately wounded.
The liquid fire burns you!
You shoot an arrow. The arrow hits the bombardier beetle.
The bombardier beetle is heavily wounded.
The liquid fire burns you!
The bombardier beetle sprays incendiary fluid at you.
The burning spray hits you.
You are even more covered in liquid fire!
You shoot an arrow.
The arrow barely misses the bombardier beetle.
The liquid fire burns you!
You shoot an arrow. The arrow hits the bombardier beetle!
You kill the bombardier beetle!
The liquid fire burns you!
Your Fighting skill increases to level 2!
You are on fire!
The liquid fire burns you!
You are on fire!
The liquid fire burns you!
You are on fire!
The liquid fire burns you!
You die...

#.#.# #.#.# .#.#
#... # #..#
...###..####
...........###.#
# ##.@...%...# #
#....###..# #
##.....## #
#.#.#..# # #. .
#.#..#.# .## #
.#.
#.##...####..# #
... #.
####...##.# #
#.# #. #.#..#.##
# #.###
#[.#.#..#


There were no monsters in sight!

Vanquished Creatures
  An ogre (D:4)
  A bombardier beetle (D:4)
  A hound (D:4)
  3 adders
  A dart slug (D:3)
  A ribbon worm (D:2)
  An orc (D:4)
  5 ball pythons
  5 bats
  4 endoplasms
  2 giant cockroaches
  3 hobgoblins (D:1)
  3 jackals (D:1)
  3 quokkas
  3 frilled lizards (D:2)
  8 goblins
  5 kobolds
  3 rats
53 creatures vanquished.

Notes
Turn   | Place    | Note
-------+----------+-------------------------------------------
     0 | D:1      | qw the Spriggan Hunter began the quest for the Orb.
     0 | D:1      | Reached XP level 1. HP: 10/10 MP: 2/2
     0 | D:1      | 0 ||| qw: Version: 0.3-a-160-g6735b56
     0 | D:1      | 0 ||| qw: Game counter: 6446
     0 | D:1      | 0 ||| qw: Melee chars always use a shield: true
     0 | D:1      | 0 ||| qw: God list: Okawaru
     0 | D:1      | 0 ||| qw: Allow faded altars: false
     0 | D:1      | 0 ||| qw: Do Orc after clearing Dungeon:15 true
     0 | D:1      | 0 ||| qw: Do second Lair branch before Depths: true
     0 | D:1      | 0 ||| qw: Lair rune preference: random
     0 | D:1      | 0 ||| qw: Goals: Normal
     0 | D:1      | 0 ||| PLANNING D:1-11
    29 | D:1      | Reached skill level 3 in Dodging
   130 | D:1      | Reached XP level 2. HP: 14/14 MP: 3/3
   205 | D:1      | Reached skill level 4 in Dodging
   523 | D:1      | 523 ||| UPGRADING to +0 cloak.
   528 | D:1      | 528 ||| READING 4 scrolls labelled DAANGO MIUJEPS.
   528 | D:1      | 528 ||| IDENTIFYING puce potion
   529 | D:1      | 529 ||| READING 3 scrolls of identify.
   529 | D:1      | 529 ||| IDENTIFYING scroll labelled HIODAE ZAPI
   530 | D:1      | 530 ||| READING 2 scrolls of identify.
   530 | D:1      | 530 ||| IDENTIFYING scroll labelled ZOVESSA ELUOXKU
   531 | D:1      | 531 ||| DROPPING scroll of butterflies.
   532 | D:1      | 532 ||| DROPPING potion of degeneration.
   533 | D:1      | 533 ||| DROPPING scroll of blinking.
   534 | D:1      | 534 ||| DROPPING scroll of fog.
   775 | D:2      | Found a shadowy altar of Dithmenos.
  1116 | D:2      | Reached XP level 3. HP: 18/18 MP: 4/4
  1332 | D:2      | 1332 ||| READING 2 scrolls of identify.
  1332 | D:2      | 1332 ||| IDENTIFYING metallic coppery potion
  1333 | D:2      | 1333 ||| READING scroll of identify.
  1333 | D:2      | 1333 ||| IDENTIFYING metallic black potion
  1334 | D:2      | 1334 ||| READING scroll labelled HACZUP TUYT.
  1337 | D:2      | 1337 ||| READING scroll labelled ELIACI JIHIAPIO.
  1370 | D:2      | 1370 ||| DROPPING potion of lignification.
  1371 | D:2      | 1371 ||| DROPPING potion of attraction.
  1399 | D:3      | Noticed qw's ghost (amateur SpHu)
  1399 | D:3      | Found a runed translucent gate.
  1399 | D:3      | Found a runed translucent gate.
  1399 | D:3      | Found a runed translucent gate.
  1485 | D:3      | Found a glowing golden altar of the Shining One.
  1708 | D:3      | Found a shadowy altar of Dithmenos.
  1928 | D:3      | 1928 ||| UPGRADING to +6 ring of dexterity.
  1929 | D:3      | 1929 ||| READING scroll labelled QUKKEOSTUPH.
  1942 | D:4      | 1942 ||| PLANNING SEWER
  1971 | D:4      | Found Xuniezimm's General Store.
  1979 | D:4      | 1979 ||| BUYING potion of cancellation (104 gold).
  1979 | D:4      | Bought a potion of cancellation for 104 gold pieces
  1979 | D:4      | 1979 ||| BUYING potion of heal wounds (65 gold).
  1979 | D:4      | Bought a potion of heal wounds for 65 gold pieces
  1979 | D:4      | 1979 ||| BUYING scroll of teleportation (39 gold).
  1979 | D:4      | Bought a scroll of teleportation for 39 gold pieces
  1979 | D:4      | 1979 ||| BUYING scroll of teleportation (39 gold).
  1979 | D:4      | Bought a scroll of teleportation for 39 gold pieces
  2051 | D:4      | Reached XP level 4. HP: 22/22 MP: 5/5
  2098 | D:4      | Found a snail-covered altar of Cheibriados.
  2116 | D:4      | Reached skill level 5 in Dodging
  2123 | D:4      | Noticed an ogre
  2124 | D:4      | 2124 ||| ZAPPING wand of flame (21) at -7,-6 (ogre; floor).
  2125 | D:4      | 2125 ||| ZAPPING wand of flame (20) at -6,-5 (ogre; floor).
  2126 | D:4      | 2126 ||| ZAPPING wand of flame (19) at -5,-5 (ogre; floor).
  2127 | D:4      | 2127 ||| ZAPPING wand of flame (18) at -4,-4 (ogre; floor).
  2128 | D:4      | 2128 ||| ZAPPING wand of flame (17) at -3,-3 (ogre; floor).
  2128 | D:4      | Killed an ogre
  2129 | D:4      | Reached skill level 6 in Dodging
  2129 | D:4      | Reached XP level 5. HP: 25/25 MP: 6/6
  2172 | D:4      | HP: 6/26 [burnt (4)]
  2174 | D:4      | Incinerated by a bombardier beetle

Levels and vault maps discovered:
D:1:      shiori_arrival_maze, layout_rooms, kennysheep_doodads, minmay_tripent
D:2:      layout_loops_ring, basic_altar, nrook_uturn, minmay_stone_trees_large,
          dk_noncrumbling_2
D:3:      layout_rooms, amcnicky_altar_gilded, nicolae_tso_swordbearing_angel,
          ebering_ghost_rock_garden, minmay_misc_feat_rugged
D:4:      layout_loops_corners, lemuel_crystal_altar,
          minmay_temple_entry_antechambers, serial_shops, shop,
          gup_sewer_entry_glass, minmay_bent

Skill      XL: |  1  2  3  4  5 |
---------------+----------------+-----
Dodging        | 3 4 6 |  6.4
Ranged Weapons | 5 |  5.0
Fighting       | 2 |  2.3
Stealth        | |  1.5

Action                     |  1- 3 |  4- 6 || total
---------------------------+-------+-------++-------
   Fire: Shortbow          |   142 |    34 ||   176
  Evoke: Wand              |       |     5 ||     5
    Use: Scroll            |     8 |       ||     8
 Armour: Robe              |    17 |     3 ||    20
  Dodge: Dodged            |    56 |    14 ||    70

Table legend:
 A = Non-vault XP
 B = Vault XP
 C = Vault XP percentage of total XP
 D = Non-vault monster count
 E = Vault monster count
 F = Vault count percentage of total count
                 A         B        C        D         E       F
            +---------+---------+-------+---------+---------+-------
      Total |     126 |     203 |  61.7 |      42 |      11 |  20.8
            +---------+---------+-------+---------+---------+-------
        D:1 |      21 |       6 |  22.2 |      11 |       4 |  26.7
        D:2 |      16 |       0 |   0.0 |      10 |       0 |   0.0
        D:3 |      39 |       0 |   0.0 |      16 |       0 |   0.0
        D:4 |      50 |     197 |  79.8 |       5 |       7 |  58.3
            +---------+---------+-------+---------+---------+-------
